 Dungeon Crawl Stone Soup version 0.17.2-1-ge4368a0 (webtiles) character file.

275 Goblin1989 the Sneak (level 6, -6/44 HPs)
             Began as a Demonspawn Assassin on Aug 30, 2016.
             Mangled by a centaur (7 damage)
             ... on level 5 of the Dungeon.
             The game lasted 00:12:27 (4323 turns).

Goblin1989 the Sneak (Demonspawn Assassin)          Turns: 4323, Time: 00:12:27

Health: -6/44      AC:  7    Str: 17      XL:     6   Next: 3%
Magic:  6/6        EV: 11    Int: 15 (17) God:
Gold:   256        SH:  0    Dex: 15      Spells: 0 memorised, 5 levels left

rFire  . . .     SeeInvis .       - Unarmed
rCold  . . .     Clarity  .     c - +0 robe
rNeg   . . .     SustAt   .     (no shield)
rPois  .         Gourm    .     (no helmet)
rElec  .         Spirit   .     d - +0 cloak
rCorr  .         Warding  .     (gloves unavailable)
rMut   .         Stasis   .     (no boots)
MR     .....                    (no amulet)
Stlth  +++.......               (no ring)
                                (no ring)

@: mighty, brilliant, not resistant to hostile enchantments, fairly stealthy
A: claws 3, rough black scales 1
a: no special abilities


You were on level 5 of the Dungeon.
You were not hungry.

You visited 1 branch of the dungeon, and saw 5 of its levels.

You collected 256 gold pieces.

Inventory:

Hand Weapons
 b - a +0 blowgun
Missiles
 e - 7 poisoned needles
 p - a curare-tipped needle
Armour
 c - a +0 robe (worn)
 d - a +0 cloak (worn)
 k - a cursed +0 pair of gloves
Wands
 f - a wand of flame (12)
 w - a wand of flame (15)
 y - a wand of lightning (6)
Scrolls
 a - a scroll of recharging {unknown}
 h - a scroll of enchant weapon {unknown}
 i - a scroll of fog {unknown}
 j - 2 scrolls of remove curse {unknown}
 o - a scroll of enchant armour {unknown}
 q - 3 scrolls of identify {unknown}
 r - 4 scrolls of teleportation {unknown}
 t - a scroll of blinking {unknown}
 v - 2 scrolls of random uselessness {unknown}
Potions
 l - a potion of curing
 s - a potion of brilliance
Books
 A - a book of Summonings

   Spells                             Type                      Level
   a - Recall                         Summoning/Translocation      3
   b - Aura of Abjuration             Summoning                    5
   c - Shadow Creatures               Summoning                    5
   d - Summon Demon                   Summoning                    5
   e - Summon Forest                  Summoning/Translocation      5
   f - Summon Mana Viper              Hexes/Summoning              5
Comestibles
 g - a bread ration
 z - 3 fruits


   Skills:
 - Level 2.0 Fighting
   Level 4.0 Short Blades
 - Level 1.7 Throwing
 - Level 0.8 Dodging
 - Level 4.6 Stealth
 * Level 2.9 Unarmed Combat


You had 5 spell levels left.
You didn't know any spells.

Dungeon Overview and Level Annotations

Branches:
Dungeon (5/15)
 Temple: D:4-7

Altars:
The Shining One


Innate Abilities, Weirdness & Mutations

You have claws for hands.
You are partially covered in rough black scales (AC +4, Dex -1).


Message History

Drink which item? (? for menu, Esc to quit)
It was a potion of might.
You feel very mighty all of a sudden. The orc wizard barely misses you.
The centaur completely misses you.
The orc hits you from afar with a trident.
* * * LOW HITPOINT WARNING * * *
Something hits you.
* * * LOW HITPOINT WARNING * * *
The orc wizard misses you. The centaur hits you!
* * * LOW HITPOINT WARNING * * *
You take 7 damage, and have 2/44 hp.
Drink which item? (? for menu, Esc to quit)
It was a potion of magic.
Magic courses through your body.
You feel less invigorated.
You feel less confused. The orc wizard hits you with a dagger.
* * * LOW HITPOINT WARNING * * *
The orc barely misses you. Something hits you but does no damage.
The centaur hits you!
You die...

#......#....#
#......#....#
#......#....#
#......#....#
#......#....#
#......#....#
#......#....#
#..c...'....#
#..@.o.#....#
#...o.!#....#
+......#....#
#......#....#
#......#....#
#.)....#....#
#(.....#.?..#
+......#....#
#......#....#


You could see a centaur, an orc wizard and an orc.

Vanquished Creatures
  A crimson imp (D:5)
  A hound (D:5)
  Crazy Yiuf (D:3)
  Jessica (D:3)
  A worker ant (D:4)
  4 adders
  An ooze (D:1)
  2 worms
  4 giant geckos
  5 orcs (D:4)
  4 bats
  7 goblins
  11 hobgoblins
  12 jackals
  A quokka (D:2)
  A ball python (D:1)
  8 giant newts
  8 kobolds
  8 rats
81 creatures vanquished.

Notes
Turn   | Place    | Note
--------------------------------------------------------------
     0 | D:1      | Goblin1989 the Demonspawn Assassin began the quest for the Orb.
     0 | D:1      | Reached XP level 1. HP: 16/16 MP: 1/1
    31 | D:1      | Gained mutation: You have sharp fingernails. [demonic ancestry]
    31 | D:1      | Reached XP level 2. HP: 2/22 MP: 2/2
   463 | D:1      | Reached skill level 4 in Stealth
   737 | D:1      | Reached XP level 3. HP: 25/27 MP: 3/3
  2065 | D:2      | Gained mutation: You have very sharp fingernails. [demonic ancestry]
  2065 | D:2      | Reached XP level 4. HP: 33/33 MP: 4/4
  2693 | D:3      | Noticed Crazy Yiuf
  2699 | D:3      | Killed Crazy Yiuf
  2990 | D:3      | Found a glowing golden altar of the Shining One.
  2997 | D:3      | Noticed Jessica
  3007 | D:3      | Killed Jessica
  3007 | D:3      | Gained mutation: You have claws for hands. [demonic ancestry]
  3007 | D:3      | Reached XP level 5. HP: 33/38 MP: 5/5
  3390 | D:4      | Reached skill level 1 in Unarmed Combat
  3682 | D:4      | Noticed a phantom
  4043 | D:5      | Entered Level 5 of the Dungeon
  4114 | D:5      | Gained mutation: You are partially covered in rough black scales (AC +4, Dex -1). [demonic ancestry]
  4114 | D:5      | Reached XP level 6. HP: 20/44 MP: 6/6
  4307 | D:5      | Noticed a centaur
  4322 | D:5      | HP: 2/44 [centaur (8)]
  4323 | D:5      | Mangled by a centaur

Action                   |  1- 3 |  4- 6 || total
-------------------------+-------+-------++-------
Melee: Dagger            |   149 |    53 ||   202
       Unarmed           |       |    63 ||    63
       Rapier            |       |    30 ||    30
 Fire: Blowgun           |    14 |     7 ||    21
  Use: Potion            |     3 |     6 ||     9
 Stab: Sleeping          |     4 |     7 ||    11
       Distracted        |     1 |       ||     1
  Eat: Chunk             |     3 |     1 ||     4
       Royal jelly       |       |     1 ||     1
       Bread ration      |       |     1 ||     1
